AoeStats
← 散步黑鵝

Black Forest

509072636Analyzed
4v4 RM · 7d ago on Sep 25, 2026· 34m 8s· 8 players
Game mode
Random Map
Map size
Large (8 player)
Population
200
Speed
Normal
Resources
Standard
Victory
Conquest
Starting age
Dark Age
Ending age
Imperial Age
RankedLock teamsTeams togetherTeam positionsShared explorationLock speedFull tech treeHidden civsTurbo modeCheats
Victory
Defeat
🇲🇦 Danes · Morocco
2118
+11
🇨🇳 Persians · China
1876
+21
🇨🇳 Lithuanians · China
1820
+23
🇨🇳 Malay · China
1750
+25
🇹🇼 Danes · Taiwan
2094
-24
🇹🇼 Persians · Taiwan
2085
-24
🇹🇼 Britons · Taiwan
2052
-23
🇹🇼 Saxons · Taiwan
1708
-9
白龍
2:09 Loom
11:28 Feudal Age
12:39 Double-Bit Axe
15:06 Castle Age
12:50 Fishing Lines
16:02 Bow Saw
15:52 Gillnets
16:46 Wheelbarrow
23:09 Horse Collar
24:52 Gold Mining
29:30 Imperial Age
28:01 Hand Cart
28:06 Forging
27:57 Scale Mail Armor
28:31 Heavy Plow
28:22 Stone Mining
29:59 Iron Casting
29:37 Caravan
30:15 Chain Mail Armor
29:23 Pikeman
30:04 Squires
29:38 Onager
30:26 Siege Engineers
30:06 Halberdier
30:53 Loom
31:35 Fletching
31:51 Scale Barding Armor
32:18 Plate Mail Armor
32:56 Blast Furnace
34:20 Conscription
33:23 Northmen's Fury
34:44 Coinage
山米爾
0:33 Loom
11:46 Feudal Age
15:47 Castle Age
14:22 Double-Bit Axe
15:13 Fishing Lines
15:58 Town Watch
17:14 Bow Saw
17:07 Horse Collar
23:14 Wheelbarrow
24:25 Gold Mining
24:28 Stone Mining
25:23 Hand Cart
29:35 Imperial Age
27:28 Fletching
27:55 Heavy Plow
27:59 Padded Archer Armor
28:49 Fortified Wall
28:49 Bodkin Arrow
29:48 Leather Archer Armor
30:09 Ballistics
30:10 Crossbowman
30:51 Bracer
32:22 Chemistry
31:55 Siege Engineers
Rayz
11:37 Feudal Age
12:06 Double-Bit Axe
15:03 Castle Age
12:50 Fishing Lines
14:31 Horse Collar
15:52 Bow Saw
15:37 Loom
16:28 Wheelbarrow
16:27 Gillnets
23:32 Stone Mining
23:37 Gold Mining
24:03 Heavy Plow
27:09 Hand Cart
26:40 Loom
26:41 Town Watch
29:51 Imperial Age
28:01 Stone Shaft Mining
28:02 Gold Shaft Mining
28:50 Scale Barding Armor
29:35 Bloodlines
29:25 Husbandry
30:14 Chain Barding Armor
30:06 Forging
29:57 Elite War Elephant
30:58 Conscription
31:36 Plate Barding Armor
31:37 Iron Casting
31:38 Guilds
32:01 Crop Rotation
32:32 Two-Man Saw
33:42 Caravan
散步黑鵝
2:00 Loom
9:40 Feudal Age
10:17 Double-Bit Axe
19:01 Castle Age
17:40 Fishing Lines
18:04 Stone Mining
21:30 Fletching
24:08 Bodkin Arrow
29:10 Horse Collar
< blank >
9:50 Feudal Age
14:09 Castle Age
12:26 Double-Bit Axe
13:31 Fishing Lines
15:32 Bow Saw
15:21 Horse Collar
20:17 Gillnets
22:49 Wheelbarrow
26:34 Imperial Age
24:25 Loom
24:49 Heavy Plow
24:47 Gold Mining
24:51 Stone Mining
25:52 Scale Barding Armor
26:07 Hand Cart
26:09 Forging
27:06 Bloodlines
27:36 Chain Barding Armor
26:37 Cavalier
27:18 Husbandry
28:00 Conscription
28:03 Paladin
29:44 Plate Barding Armor
30:32 Two-Man Saw
29:55 Fletching
30:48 Iron Casting
33:25 Caravan
OS+ | TeMo
1:04 Loom
12:27 Feudal Age
12:46 Feudal Age
13:45 Double-Bit Axe
16:51 Castle Age
16:13 Fishing Lines
16:40 Town Watch
17:45 Bow Saw
17:26 Gillnets
18:04 Horse Collar
21:26 Heavy Plow
22:38 Wheelbarrow
22:56 Gold Mining
24:00 Stone Mining
25:54 Masonry
28:14 Imperial Age
26:29 Hand Cart
26:51 Gold Shaft Mining
27:30 Hand Cart
28:16 Onager
29:02 Siege Engineers
28:36 Northmen's Fury
29:36 Hand Cart
29:56 Siege Onager
31:44 Coinage
32:44 Chemistry
32:05 Conscription
32:12 Heavy Scorpion
34:18 Stone Shaft Mining
十大地方
11:20 Feudal Age
11:41 Double-Bit Axe
11:38 Fishing Lines
16:04 Castle Age
16:49 Bow Saw
18:43 Gillnets
20:55 Wheelbarrow
21:38 Stone Mining
23:58 Gold Mining
23:56 Loom
24:27 Hand Cart
25:51 Stone Shaft Mining
25:03 Town Watch
25:01 Horse Collar
25:48 Fletching
26:07 Scale Barding Armor
26:13 Forging
26:10 Husbandry
29:54 Imperial Age
28:18 Gold Shaft Mining
28:12 Forging
28:40 Heavy Plow
29:10 Chain Barding Armor
29:47 Bloodlines
30:35 Iron Casting
30:36 Conscription
31:19 Plate Barding Armor
32:33 Blast Furnace
31:48 Elite War Elephant
团团团子
1:10 Loom
1:10 Loom
11:39 Feudal Age
11:59 Double-Bit Axe
15:05 Fishing Lines
19:54 Castle Age
17:58 Stone Mining
18:11 Gold Mining
19:46 Bow Saw
19:29 Gillnets
21:07 Wheelbarrow
21:03 Gold Mining
22:59 Gold Shaft Mining
26:27 Imperial Age
28:38 Conscription
28:09 Fletching
29:08 Hand Cart
30:05 Chemistry
30:02 Gold Shaft Mining
31:45 Forging
31:35 Pikeman
32:15 Squires
32:32 Halberdier
Connection lost

Rejoining the realm…

Still unreachable

The connection could not be restored.

Session expired

The server has moved on; the page needs a fresh start.